cohdb
Replays
Latest Replays
All Replays
Popular Replays
Top Player Replays
Match Explorer
How It Works
Community
CoH3 Stats
Reddit
Sign in to upload your games and track your stats! →
Sign in with Steam
Match 42793154
Unlisted
Match 42793154
Overview
Messages
Build Orders
End
Panzergrenadier Squad
Selects Italian Infantry
250 Light Carrier
Panzergrenadier Squad
Construct Light Support Kompanie
MG34 Team
Fire Support Elements
Pak 38 Anti-tank Gun Team
Selects Guastatori Squad
MG34 Team
Guastatori Squad
Selects Defensive Operations
2.5-tonne Medical Truck
Panzergrenadier Squad
Panzergrenadier Squad
Construct Panzerarmee Kommand
Veteran Squad Leaders
Armored Reserves
Tiger Heavy Tank
Selects Prepared Positions
BOBI
Mafioznik
DeadPhoenix
Zleg
0
0
Comments
sign in to comment!
No comments posted yet!